 Dungeon Crawl Stone Soup version 0.32-a0-42-ga30500b4d3 (webtiles) character file.

Game seed: 5386618497366798951

35695 p00ps00p the Severer (level 13, -2/125 HPs)
             Began as a Hill Orc Fighter on Jan 28, 2024.
             Was an Initiate of Gozag.
             Incinerated by a smoke demon (10 damage)
             ... with a pyre arrow
             ... on level 1 of the Orcish Mines on Jan 29, 2024.
             The game lasted 00:30:20 (16011 turns).

p00ps00p the Severer (Hill Orc Fighter)            Turns: 16011, Time: 00:30:22

Health: -2/125     AC: 29    Str: 27    XL:     13   Next: 85%
Magic:  13/13      EV: 11    Int:  8    God:    Gozag
Gold:   1517       SH:  0    Dex: 13    Spells: 12/12 levels left

rFire   . . .        a - +5 war axe (elec)
rCold   + . .        Q - +2 tower shield {rC+}
rNeg    + . .        f - +8 plate armour "Oschin" {Dex+3}
rPois   .            U - +0 helmet
rElec   .            D - +1 cloak
rCorr   .            g - +0 pair of gloves {Str+3}
SInv    .            (no boots)
Will    .....        e - amulet of reflection Stlth
                     v - ring of positive energy
HPRegen 0.40/turn    w - +5 ring of evasion
MPRegen 0.13/turn

%: reflection
@: confused, on fire, ambrosia-drunk, gold aura, glowing
A: no striking features
a: Renounce Religion, Convert to Beogh, Potion Petition, Call Merchant, Bribe
Branch


You were on level 1 of the Orcish Mines.
You worshipped Gozag.
Gozag was most pleased with you.
You visited 3 branches of the dungeon, and saw 15 of its levels.
You also visited: Ossuary and Ice Cave.

You collected 4301 gold pieces.
You spent 1123 gold pieces at shops.
You paid 1661 gold pieces to Gozag.

Inventory:

Hand Weapons
 a - a +5 war axe of electrocution (weapon)
 N - a +0 scimitar of flaming
 S - a +1 executioner's axe of freezing
Missiles
 I - 48 poisoned darts (quivered)
Armour
 f - the +8 plate armour "Oschin" (worn) {Dex+3}
   (You bought it in a shop on level 1 of the Orcish Mines)

   Dex+3:     It affects your dexterity (+3).
 g - a +0 pair of gloves of strength (worn)
 D - a +1 cloak (worn)
 Q - a +2 tower shield of cold resistance (worn)
 U - a +0 helmet (worn)
Jewellery
 b - a +6 ring of intelligence
 e - an amulet of reflection (around neck)
 p - a ring of flight
 v - a ring of positive energy (left hand)
 w - a +5 ring of evasion (right hand)
 F - a ring of see invisible
Wands
 o - a wand of flame (31)
 C - a wand of paralysis (10)
 T - a wand of iceblast (3)
Scrolls
 j - 3 scrolls of amnesia
 L - 6 scrolls of identify
Potions
 c - 2 potions of brilliance
 d - a potion of might
 h - 2 potions of berserk rage
 i - a potion of resistance
 l - 2 potions of lignification
 r - 10 potions of curing
 B - 2 potions of mutation
 H - 3 potions of enlightenment
 R - 2 potions of magic


   Skills:
 + Level 14.4 Fighting
 + Level 15.4 Axes
 + Level 13.3 Armour
 + Level 13.3 Shields


You had 12 spell levels left.
You didn't know any spells.
Your spell library contained the following spells:

 Spells                   Type           Power      Damage    Failure   Level
 Apportation              Tloc           0%         N/A       100%        1
 Necrotise                Necr           0%         1d4       100%        1
 Sting                    Conj/Alch      0%         1d3       100%        1
 Summon Small Mammal      Summ           0%         N/A       100%        1
 Mercury Vapours          Alch/Air       0%         N/A       100%        2
 Static Discharge         Conj/Air       0%         3-3/arc   100%        2
 Dazzling Flash           Conj/Hex       0%         N/A       100%        3
 Frozen Ramparts          Ice            0%         1d1       100%        3
 Inner Flame              Hex/Fire       0%         N/A       100%        3
 Tukima's Dance           Hex            0%         N/A       100%        3
 Volatile Blastmotes      Fire/Tloc      0%         2d10      100%        3
 Airstrike                Air            0%         2d(0-16)  100%        4
 Dimensional Bullseye     Hex/Tloc       0%         N/A       100%        4
 Ignite Poison            Fire/Alch      0%         N/A       100%        4
 Iskenderun's Mystic Bla  Conj/Tloc      0%         2d3       100%        4
 Leda's Liquefaction      Alch/Erth      0%         N/A       100%        4
 Olgreb's Toxic Radiance  Alch           0%         N/A       100%        4
 Petrify                  Alch/Erth      0%         N/A       100%        4
 Sticky Flame             Fire/Alch      0%         2d4       100%        4
 Summon Lightning Spire   Summ/Air       0%         N/A       100%        4
 Irradiate                Conj/Alch      0%         3d11      100%        5
 Metabolic Englaciation   Hex/Ice        0%         N/A       100%        5
 Starburst                Conj/Fire      0%         6d3       100%        6
 Ignition                 Fire           0%         3d3       100%        8
 Maxwell's Capacitive Co  Air            0%         ∞         100%        8


Dungeon Overview and Level Annotations

Branches:
Dungeon (12/15)            Temple (1/1) D:5            Lair (0/5) D:11
    Orc (2/2) D:12            Elf (0/3) Orc:2       Ossuary (visited)
  IceCv (visited)

Altars:
Ashenzari
Cheibriados
Dithmenos
Elyvilon
Fedhas
Gozag
Hepliaklqana
Kikubaaqudgha
Makhleb
Nemelex Xobeh
Okawaru
Qazlal
Ru
Sif Muna
Trog
Uskayaw
Vehumet
Wu Jian
Xom
Yredelemnul
Zin
The Shining One

Shops:
D:4 [   D:8 (   D:10 [   D:11 =   Orc:1 [

Annotations:
D:11 Azoth's ghost, journeyman DEHu; lucidstorm14's ghost, journeyman MiBe; pokeman's ghost, journeyman DEHW


Message History

The orc knight is healed somewhat.
The sixfirhy barely misses you.
The orc high priest shouts!
You shake off some of the fire as you move.
A mysterious force pulls you upwards. The hatch slams shut behind you.
The hellwing disappears in a puff of smoke!
The sixfirhy disappears in a puff of smoke!
The rust devil disappears in a puff of smoke!
The liquid fire burns you!
Unknown command.
You hit the orc knight but do no damage.
The orc knight is severely wounded.
You closely miss the orc high priest.
The orc high priest is no longer distracted by gold.
You closely miss the orc knight. The liquid fire burns you!
* * * LOW HITPOINT WARNING * * *
The orc knight no longer looks unusually strong.
The orc high priest hits you but does no damage.
You block the orc knight's attack. x2
You slash the orc knight!
You kill the orc knight!
You barely miss the orc knight. You hit the orc high priest.
Lightning courses through the orc high priest!
The liquid fire burns you!
* * * LOW HITPOINT WARNING * * *
You block the orc high priest's attack. You block the orc knight's attack.
You closely miss the orc high priest.
The orc high priest is severely wounded.
You closely miss the orc knight. The liquid fire burns you!
* * * LOW HITPOINT WARNING * * *
The orc high priest is distracted by your dazzling golden aura.
The orc knight hits you with a +3 battleaxe!
* * * LOW HITPOINT WARNING * * *
The orc high priest shouts!
You are confused.
You feel invigorated. The liquid fire burns you!
You die...
Your body crumbles into a pile of gold.

...#.#.......###.##
.....#....)...#...#
........)[##...#.##
.....#.#<###.....##
........[)........# ###
.....)##[[#......####.#### ###
......##...#...#.###.....###.##
#....###...#........#.....#...##
..))#####.....##@..........#...#
.).))#........#o$o.............#
...).)).......................##
.#...)........................##
...............................#
..............................##
..........##...#...............#
...##....###............>.....##
...##.....#..................##


You could see an orc knight (strong) and an orc high priest (strong).

Vanquished Creatures
  Jorgrun (Orc:1)
  Gastronok (Orc:1)
  3 orc warlords (Orc:1)
  Erica (D:9)
  A two-headed ogre (D:10)
  A boulder beetle (D:11)
  An orc high priest (Orc:2)
  A soul eater (D:10)
  2 bog bodies (IceCv)
  4 orc knights
  2 orc sorcerers (Orc:1)
  An ugly thing (D:11)
  A deep elf pyromancer (D:12)
  3 cyclopes
  Maurice (Orc:1)
  An orange demon (D:10)
  5 kobold blastminers
  An ice statue (IceCv)
  2 smoke demons (D:10)
  3 kobold demonologists
  2 ice devils
  4 komodo dragons (D:11)
  An anaconda simulacrum (IceCv)
  A red devil (D:10)
  7 trolls
  A hellwing (D:10)
  2 dream sheep (D:9)
  A vampire (D:9)
  A shadow (D:12)
  2 wyverns
  A dire elephant simulacrum (IceCv)
  A wraith (D:12)
  7 yaks
  5 wargs (Orc:1)
  2 steam dragons (D:6)
  Grum (D:9)
  A harpy simulacrum (IceCv)
  A death yak simulacrum (IceCv)
  A hydra simulacrum (IceCv)
  2 acid dragons
  2 ice beasts
  2 black bears (D:6)
  38 orc warriors
  2 sky beasts
  12 ogres
  4 wolves (D:9)
  5 centaurs
  A phantom (D:7)
  7 kobold brigands
  5 bullfrogs
  4 gnoll sergeants
  4 scorpions
  A cane toad simulacrum (IceCv)
  11 two-headed ogre simulacra
  5 elephant simulacra (IceCv)
  10 killer bees
  5 centaur zombies (Ossuary)
  A human zombie (Ossuary)
  2 quasits (D:10)
  24 orc priests
  3 jellies
  A gnoll bouda (D:9)
  3 hounds
  An iguana (D:5)
  19 orc wizards
  6 spriggan simulacra
  5 troll simulacra
  2 polar bear simulacra
  3 wolf simulacra (IceCv)
  7 mummies (Ossuary)
  26 gnolls
  3 adders
  7 naga simulacra
  A shadow imp (D:7)
  5 white imps (IceCv)
  8 ufetubi
  2 ribbon worms
  A dart slug (D:1)
  84 orcs
  3 endoplasms
  3 giant cockroaches
  2 gnoll zombies (Ossuary)
  9 goblins
  4 hobgoblins
  3 jackals (D:2)
  4 quokkas
  8 ball pythons
  4 bats (D:1)
  4 frilled lizards
  A goblin zombie (Ossuary)
  4 hobgoblin zombies (Ossuary)
  32 kobolds
  5 kobold zombies (Ossuary)
  8 quokka zombies (Ossuary)
  2 rats (D:2)
  4 rat zombies (Ossuary)
512 creatures vanquished.

Vanquished Creatures (others)
  A bombardier beetle (D:6)
  An orc wizard (Orc:1)
  An orc (Orc:1)
  A kobold (D:6)
4 creatures vanquished.

Grand Total: 516 creatures vanquished

Notes
Turn   | Place    | Note
-------+----------+-------------------------------------------
     0 | D:1      | p00ps00p the Hill Orc Fighter began the quest for the Orb.
     0 | D:1      | Reached XP level 1. HP: 19/19 MP: 1/1
   256 | D:1      | Reached skill level 3 in Axes
   256 | D:1      | Reached XP level 2. HP: 27/27 MP: 2/2
   571 | D:1      | Found a faded altar of an unknown god.
   618 | D:1      | Reached XP level 3. HP: 32/33 MP: 3/3
  1332 | D:2      | Found a shimmering altar of Xom.
  1416 | D:2      | Reached XP level 4. HP: 40/40 MP: 4/4
  1663 | D:3      | Reached skill level 4 in Axes
  1663 | D:3      | Reached XP level 5. HP: 30/47 MP: 5/5
  2292 | D:4      | Found a shadowy altar of Dithmenos.
  2292 | D:4      | Noticed a shadow
  2296 | D:4      | Found a hazy altar of Hepliaklqana.
  2327 | D:4      | Found Rycu's Antique Armour Shop.
  2771 | D:4      | Found a blossoming altar of Fedhas.
  2815 | D:4      | Found a burning altar of Makhleb.
  3008 | D:4      | Reached XP level 6. HP: 55/55 MP: 6/6
  3012 | D:4      | Identified the +1 robe of the Jabberwock {Dex+3}
  3064 | D:5      | Entered Level 5 of the Dungeon
  3081 | D:5      | Found a staircase to the Ecumenical Temple.
  3089 | Temple   | Entered the Ecumenical Temple
  3158 | D:5      | Reached skill level 5 in Fighting
  3222 | D:5      | Found a sand-covered staircase.
  3244 | Ossuary  | Entered an ossuary
  3289 | Ossuary  | Reached skill level 5 in Axes
  3324 | Ossuary  | Reached skill level 5 in Shields
  3392 | Ossuary  | Reached skill level 5 in Armour
  3392 | Ossuary  | Reached XP level 7. HP: 61/61 MP: 7/7
  4075 | D:5      | Found a glowing silver altar of Zin.
  4323 | D:5      | Reached skill level 6 in Axes
  4328 | D:5      | Found a hide-covered altar of Uskayaw.
  4708 | D:6      | Reached XP level 8. HP: 71/71 MP: 8/8
  4940 | D:6      | Reached skill level 7 in Axes
  5196 | D:6      | Reached XP level 9. HP: 19/79 MP: 9/9
  5541 | D:6      | Reached skill level 8 in Axes
  6135 | D:7      | Reached skill level 9 in Axes
  6165 | D:7      | Found an opulent altar of Gozag.
  6175 | D:7      | Became a worshipper of Gozag Ym Sagoz the Greedy
  6248 | D:4      | Bought a pair of glowing gloves for 165 gold pieces
  6511 | D:8      | Found a transporter.
  6513 | D:8      | Found Idufike's Weapon Shoppe.
  6774 | D:8      | Reached XP level 10. HP: 77/91 MP: 10/10
  7187 | D:8      | Found a transporter.
  7378 | D:9      | Found a sacrificial altar of Ru.
  7454 | D:9      | Found a shimmering blue altar of Sif Muna.
  7609 | D:9      | Reached skill level 10 in Axes
  7657 | D:9      | Noticed Grum
  7673 | D:9      | Killed Grum
  7674 | D:9      | Reached skill level 10 in Fighting
  7783 | D:9      | Found a snail-covered altar of Cheibriados.
  7792 | D:9      | Found an iron altar of Okawaru.
  7946 | D:9      | Found a bloodstained altar of Trog.
  7998 | D:9      | Found a stormy altar of Qazlal.
  8083 | D:9      | Noticed Erica
  8090 | D:9      | Killed Erica
  8355 | D:10     | Entered Level 10 of the Dungeon
  8397 | D:10     | Noticed a smoke demon
  8403 | D:10     | Noticed an orange demon
  8404 | D:10     | Killed a smoke demon
  8405 | D:10     | Reached skill level 11 in Axes
  8405 | D:10     | Reached XP level 11. HP: 85/101 MP: 11/11
  8568 | D:10     | Reached skill level 10 in Shields
  8717 | D:10     | Noticed a two-headed ogre
  8724 | D:10     | Killed a two-headed ogre
  8725 | D:10     | Reached skill level 10 in Armour
  9037 | D:10     | Noticed a soul eater
  9049 | D:10     | Killed a soul eater
  9642 | D:10     | Found Miptasuu's Armour Shoppe.
  9757 | D:10     | Found a white marble altar of Elyvilon.
  9920 | D:11     | Reached skill level 12 in Axes
 10199 | D:11     | Noticed a green ugly thing
 10208 | D:11     | Killed a green ugly thing
 10325 | D:11     | Noticed a boulder beetle
 10340 | D:11     | Killed a boulder beetle
 10592 | D:11     | Noticed a cyclops
 10596 | D:11     | Killed a cyclops
 10597 | D:11     | Reached XP level 12. HP: 112/112 MP: 12/12
 10641 | D:11     | Found a runed translucent gate.
 10642 | D:11     | Found a runed translucent gate.
 10644 | D:11     | Found a runed translucent gate.
 10648 | D:11     | Noticed lucidstorm14's ghost (journeyman MiBe)
 10648 | D:11     | Noticed pokeman's ghost (journeyman DEHW)
 10648 | D:11     | Noticed Azoth's ghost (journeyman DEHu)
 10678 | D:11     | Found a staircase to the Lair.
 11167 | D:11     | Identified the +5 chain mail of Chimes {rF+ Dex+2 Slay-4}
 11328 | D:12     | Found a staircase to the Orcish Mines.
 11335 | D:12     | Reached skill level 13 in Axes
 11380 | Orc:1    | Entered Level 1 of the Orcish Mines
 11380 | Orc:1    | Noticed Gastronok
 11700 | Orc:1    | Killed Gastronok
 11726 | Orc:1    | Found a frozen archway.
 11770 | IceCv    | Entered an ice cave
 13131 | Orc:1    | Reached skill level 14 in Axes
 13134 | Orc:1    | Reached XP level 13. HP: 114/122 MP: 13/13
 13173 | Orc:1    | Noticed an orc warlord
 13180 | Orc:1    | Noticed an orc warlord
 13181 | Orc:1    | Noticed Maurice
 13196 | Orc:1    | Noticed Jorgrun
 13651 | Orc:1    | Killed Jorgrun
 13654 | Orc:1    | Noticed an orc warlord
 13681 | Orc:1    | Identified the +1 battleaxe "Afuler" {vamp, rElec}
 14204 | Orc:1    | Bought a jewelled plate armour for 756 gold pieces
 14204 | Orc:1    | Identified the +8 plate armour "Oschin" {Dex+3} (You bought
                  | it in a shop on level 1 of the Orcish Mines)
 14204 | Orc:1    | Bought a pair of embroidered gloves for 202 gold pieces
 14307 | Orc:1    | Killed an orc warlord
 14446 | Orc:1    | Killed an orc warlord
 14499 | Orc:1    | Killed an orc warlord
 14500 | Orc:1    | Reached skill level 15 in Axes
 14515 | Orc:1    | Maurice stole 48 poisoned darts
 14520 | Orc:1    | Killed Maurice
 14911 | Orc:2    | Entered Level 2 of the Orcish Mines
 16011 | Orc:1    | Incinerated by a smoke demon

Illustrated notes

Levels and vault maps discovered:
D:1:      spicycebolla_green_bress_n_ham, layout_loops_corners,
          basic_ecumenical_altar, amcnicky_mini_corridor_feature
D:2:      layout_basic, basic_altar, minmay_misc_feat_five
D:3:      layout_basic, hangedman_decor_growths
D:4:      layout_cave_pods, riverfiend_overflow_shadow_ancestor, fedhas_altar_1,
          mainiacjoe_overflow_small_starburst, serial_shops, shop,
          grunt_ministairs_7, corner_web_ring
D:5:      layout_layer_cave, lemuel_crystal_altar,
          nicolae_uskayaw_murder_on_the_dancefloor,
          minmay_temple_entry_nine_rooms, chequers_ossuary_entry_cave
D:6:      cheibrodos_thug_alley, layout_loops_cross
D:7:      layout_basic, mainiacjoe_overflow_alcove_1
D:8:      layout_basic, serial_shops, nicolae_shop_drivethru
D:9:      layout_long_grid, nicolae_ru_sacrificial_ziggurat,
          mainiacjoe_overflow_cross_hatched, mainiacjoe_overflow_alcove_2,
          mainiacjoe_overflow_chevrons, mainiacjoe_overflow_divided_tiny,
          dreamdust_gnoll_shepherd, uniq_erica, uniq_grum
D:10:     layout_loops_corners, elyvilon_altar_4, serial_shops,
          nicolae_shop_temple_entry_statues_fountains, serial_demonic,
          serial_demonic_c, serial_demonic_d, serial_demonic_a,
          serial_demonic_e, hangedman_decor_points
D:11:     layout_grid_maze, grunt_lair_entry_orc_guard_hut,
          gammafunk_ghost_cemetery, serial_glass, glass_columns_a,
          glass_columns_a
D:12:     layout_cave_pools, david_orc_2, serial_shops,
          nicolae_shop_advertising_works [nicolae_subvault_shop_adworks],
          nicolae_lakefront_shop, gammafunk_ghost_split
Temple:   nicolae_temple_ecumenical_triangle
Orc:1:    layout_caves, portal_ice_cave_entry_ice_simulacra,
          minmay_orc_treasury, uniq_maurice, uniq_gastronok, uniq_jorgrun
Orc:2:    st_orc_pillars, layout_caves

Skill      XL: |  1  2  3  4  5  6  7  8  9 10 11 12 13 |
---------------+----------------------------------------+-----
Axes           | 3 4 5 6 7 9 11 12 14 15 | 15.4
Fighting       | 4 5 6 7 9 10 11 13 14 | 14.4
Armour         | 4 5 6 8 9 11 12 13 | 13.3
Shields        | 4 5 7 8 9 11 12 13 | 13.3

Action                     |  1- 3 |  4- 6 |  7- 9 | 10-12 | 13-15 || total
---------------------------+-------+-------+-------+-------+-------++-------
  Melee: War axe           |    93 |   122 |   246 |   464 |   325 ||  1250
 Invoke: Call Merchant     |       |       |       |     1 |     1 ||     2
    Use: Scroll            |     5 |    16 |    10 |     4 |     4 ||    39
         Potion            |       |       |       |     4 |     2 ||     6
   Stab: Invisible         |       |       |       |       |     5 ||     5
         Distracted        |       |       |       |       |     4 ||     4
 Armour: Scale mail        |    43 |    46 |   100 |     7 |       ||   196
         Plate armour      |       |       |       |   221 |    97 ||   318
  Dodge: Dodged            |    29 |    23 |   104 |   120 |    43 ||   319
  Block: Kite shield       |    69 |    99 |   235 |   335 |       ||   738
         Buckler           |     5 |       |       |       |       ||     5
         Reflection        |     2 |     3 |     7 |    25 |    30 ||    67
         Tower shield      |       |       |       |    21 |   304 ||   325

Table legend: (Time is in decaauts)
 A = Elapsed time spent in this place.
 B = Non-inter-level travel time spent in this place.
 C = Inter-level travel time spent in this place.
 D = Time resting spent in this place.
 E = Time spent auto-exploring this place.
 F = Levels seen in this place.
 G = Mean time per level.
                   A        B        C        D        E       F      G
               +--------+--------+--------+--------+--------+-----+--------+
         Total |  16163 |  15561 |    602 |   1869 |  10163 |  17 |  950.8 |
       Dungeon |  11774 |  11214 |    560 |    998 |   8343 |  12 |  981.2 |
        Temple |     28 |     22 |      6 |      0 |      0 |   1 |   28.0 |
  Orcish Mines |   2643 |   2607 |     36 |    553 |    971 |   2 | 1321.5 |
       Ossuary |    443 |    443 |      0 |      0 |    272 |   1 |  443.0 |
      Ice Cave |   1273 |   1273 |      0 |    318 |    576 |   1 | 1273.0 |
               +--------+--------+--------+--------+--------+-----+--------+

Top non-repeatable levels by time:
   Orc:1: 1714 daAuts
    D:10: 1550 daAuts
   IceCv: 1273 daAuts
    D:11: 1268 daAuts
     D:5: 1190 daAuts
     D:6: 1170 daAuts
     D:1: 1054 daAuts
     D:9: 1019 daAuts
     D:8: 985 daAuts
   Orc:2: 929 daAuts
    D:12: 890 daAuts
     D:4: 864 daAuts
     D:3: 662 daAuts
     D:2: 609 daAuts
     D:7: 508 daAuts
